 Dungeon Crawl Stone Soup version 0.31.0-11-ge490571c62 (webtiles) character file.

Game seed: 11517780790594168094

852 stipulation the Grave Robber (level 8, -2/36 HPs)
             Began as a Vine Stalker Necromancer on Feb 9, 2024.
             Killed from afar by a steam dragon (9 damage)
             ... with a ball of steam
             ... on level 5 of the Dungeon.
             The game lasted 00:06:19 (4614 turns).

stipulation the Grave Robber (VSNe)                 Turns: 4614, Time: 00:06:19

Health: -2/36      AC:  5    Str: 12    XL:     8   Next: 1%
Magic:  0/17       EV: 17    Int: 17    God:
Gold:   327        SH:  0    Dex: 14    Spells: 10/18 levels left

rFire   . . .        n - +2 dagger (elec)
rCold   . . .        (no shield)
rNeg    . . .        p - +2 robe {Will+}
rPois   .            (no helmet)
rElec   .            (no cloak)
rCorr   .            (no gloves)
SInv    .            i - +0 pair of boots
Will    ++...        (no amulet)
Stlth   ++           o - +5 ring of evasion
HPRegen 1.06/turn    (no ring)
MPRegen 0.15/turn

%: guardian spirit
@: no status effects
A: fangs 3, regeneration 1, magic shield, antimagic bite, no potion heal 2
a: no special abilities


You were on level 5 of the Dungeon.
You visited 1 branch of the dungeon, and saw 5 of its levels.

You collected 327 gold pieces.

Inventory:

Hand Weapons
 d - a +0 dagger
 n - a +2 dagger of electrocution (weapon)
 u - a +0 dagger of venom
Missiles
 y - a throwing net
Armour
 a - a +0 robe
 i - a +0 pair of boots (worn)
 p - a +2 robe of willpower (worn)
Jewellery
 o - a +5 ring of evasion (left hand)
 s - a +5 ring of evasion
Wands
 v - a wand of polymorph (10)
 x - a wand of charming (8)
Scrolls
 c - 3 scrolls of teleportation
 f - a scroll of brand weapon {unknown}
 h - a scroll of revelation {unknown}
 j - 2 scrolls of blinking {unknown}
 k - a scroll of fog {unknown}
 r - a scroll of silence {unknown}
 w - 3 scrolls of fear {unknown}
 z - a scroll of enchant weapon {unknown}
Potions
 b - a potion of magic
 e - a potion of cancellation {unknown}
 g - 4 potions of curing
 l - a potion of mutation
 m - 3 potions of invisibility
 q - a potion of berserk rage {unknown}
 t - a potion of resistance {unknown}


   Skills:
 + Level 3.6 Short Blades
 - Level 1.5 Dodging
 - Level 2.4 Stealth
 + Level 5.7 Spellcasting
 * Level 6.7 Necromancy


You had 10 spell levels left.
You knew the following spells:

 Your Spells              Type           Power      Damage    Failure   Level
a - Necrotise             Necr           100%       1d9       1%          1
b - Vampiric Draining     Necr           27%        2d7       2%          3
c - Animate Dead          Necr           27%        N/A       9%          4

Your spell library contained the following spells:

 Spells                   Type           Power      Damage    Failure   Level
 Shock                    Conj/Air       16%        1d4       13%         1
 Curse of Agony           Necr           27%        N/A       22%         5
 Swiftness                Air            4%         N/A       36%         3
 Airstrike                Air            2%         2d(1-17)  78%         4
 Summon Forest            Summ/Tloc      2%         N/A       98%         5
 Summon Mana Viper        Hex/Summ       4%         N/A       98%         5
 Summon Cactus Giant      Summ           2%         N/A       100%        6


Dungeon Overview and Level Annotations

Branches:
Dungeon (5/15)
 Temple: D:4-7

Altars:
Ashenzari
Cheibriados
Zin

Annotations:
D:5 Dowan, Duvessa


Innate Abilities, Weirdness & Mutations

You have razor-sharp teeth.
Your natural rate of healing is unusually fast.
When hurt, damage is shared between your health and your magic reserves.
Your bite disrupts and absorbs the magic of your enemies.
Potions cannot restore your health.


Message History

The steam dragon is lightly wounded.
You are engulfed in a cloud of scalding steam.
You hit the steam dragon.
The steam dragon is lightly wounded.
You are engulfed in a cloud of scalding steam.
The steam dragon closely misses you.
The steam dragon claws you but does no damage.
You hit the steam dragon but do no damage.
The steam dragon is lightly wounded.
You are engulfed in a cloud of scalding steam.
The steam dragon breathes steam at you. The ball of steam hits you!
* * * LOW HITPOINT WARNING * * *
You closely miss the steam dragon.
The steam dragon is lightly wounded.
You are engulfed in a cloud of scalding steam.
The steam dragon closely misses you.
The steam dragon claws you but does no damage.
Casting: Necrotise (safe; 1% risk of failure)
Confirm with . or Enter, or press ? or * to list all spells.
Aiming: Necrotise (safe; 1% risk of failure)
Press: ? - help, Shift-Dir - straight line, f - steam dragon
Aim: a steam dragon (lightly wounded, chance to affect: 83%)
The steam dragon writhes in agony.
You are engulfed in a cloud of scalding steam.
* * * LOW HITPOINT WARNING * * *
The steam dragon breathes steam at you. The ball of steam misses you.
Casting: Necrotise (safe; 1% risk of failure)
Confirm with . or Enter, or press ? or * to list all spells.
You don't have enough magic to cast this spell.
Unknown command.
Unknown command.
You hit the steam dragon but do no damage.
Lightning courses through the steam dragon!
You bite the steam dragon, but do no damage.
The steam dragon is heavily wounded.
The steam dragon breathes steam at you. The ball of steam hits you!
You die...

...#......# #>..........#
#####.....# #..#.#......#
####......# #.......#####
#....†.#############.###.###
............................
#.#....#####.#######.#######
#.#.##.#####.# #§§...#
..#.##.#.....# #§#####
###.##.#.....# #@#
#.##.#....## #D#
##....#....# ..#
##....##....# .###
......##.#####. #.....##.# #
##.....#.# #####...# ##>)#


You could see a steam dragon (catching breath).

Vanquished Creatures
  A water moccasin (D:5)
  2 centaurs (D:5)
  3 scorpions
  A bombardier beetle (D:4)
  A jelly (D:5)
  3 hounds
  A sleepcap (D:4)
  2 orc wizards (D:5)
  3 gnolls (D:5)
  7 adders
  A ribbon worm (D:4)
  6 dart slugs
  8 orcs
  3 endoplasms
  3 giant cockroaches
  4 hobgoblins
  2 jackals (D:2)
  A quokka (D:3)
  5 ball pythons
  4 bats
  6 frilled lizards
  6 goblins
  10 kobolds
  2 rats (D:1)
85 creatures vanquished.

Vanquished Creatures (collateral kills)
  A dart slug (D:2)
  A bat (D:3)
  A hobgoblin (D:1)
  A quokka (D:1)
4 creatures vanquished.

Grand Total: 89 creatures vanquished

Notes
Turn   | Place    | Note
-------+----------+-------------------------------------------
     0 | D:1      | stipulation the Vine Stalker Necromancer began the quest
                  | for the Orb.
     0 | D:1      | Reached XP level 1. HP: 9/9 MP: 4/4
   148 | D:1      | Reached XP level 2. HP: 11/13 MP: 3/6
   429 | D:1      | Reached XP level 3. HP: 16/16 MP: 6/8
  1459 | D:2      | Found a faded altar of an unknown god.
  1501 | D:2      | Found a broken altar of Ashenzari.
  1550 | D:2      | Identified the +7 sling "Aliborgheneipt" {drain, rCorr
                  | Int+4}
  1907 | D:2      | Reached XP level 4. HP: 18/21 MP: 8/10
  2521 | D:3      | Reached skill level 5 in Necromancy
  2854 | D:4      | Reached XP level 5. HP: 24/24 MP: 11/11
  2962 | D:4      | Reached skill level 1 in Short Blades
  3075 | D:4      | Found a glowing silver altar of Zin.
  3176 | D:4      | Reached XP level 6. HP: 20/28 MP: 5/13
  3811 | D:4      | Found a snail-covered altar of Cheibriados.
  3870 | D:5      | Entered Level 5 of the Dungeon
  3967 | D:5      | Noticed Dowan
  3970 | D:5      | Noticed Duvessa
  4007 | D:4      | Learned a level 3 spell: Vampiric Draining
  4012 | D:4      | Learned a level 4 spell: Animate Dead
  4054 | D:5      | Reached skill level 6 in Necromancy
  4054 | D:5      | Reached XP level 7. HP: 12/32 MP: 3/15
  4061 | D:5      | Reached skill level 5 in Spellcasting
  4547 | D:5      | Gained mutation: You have razor-sharp teeth. [Vine Stalker
                  | growth]
  4547 | D:5      | Reached XP level 8. HP: 36/36 MP: 12/17
  4614 | D:5      | Killed from afar by a steam dragon

Illustrated notes

Levels and vault maps discovered:
D:1:      dpeg_arrival_lava_altar, layout_basic, minivault_27
D:2:      layout_basic, chequers_ecumenical_altar_grove, basic_altar,
          hangedman_decor_riveting, minmay_misc_feat_iff
D:3:      layout_rooms, corexii_hall_statues_l, corexii_shack
D:4:      layout_loops_corners, slow_altar_2, kennysheep_little_box,
          hangedman_decor_diamond_cutter, minmay_door_square
D:5:      layout_basic, grunt_ministairs_15, nicolae_zig_zag_zippers,
          uniq_duvessa

Skill      XL: |  1  2  3  4  5  6  7 |
---------------+----------------------+-----
Spellcasting   | 3 4 5 |  5.7
Necromancy     | 5 6 |  6.7
Short Blades   | 1 2 3 |  3.6
Dodging        | |  1.5
Stealth        | |  2.4

Action                     |  1- 3 |  4- 6 |  7- 9 || total
---------------------------+-------+-------+-------++-------
  Melee: Unarmed           |    15 |       |       ||    15
         Dagger            |    56 |    76 |    57 ||   189
         Bite              |    20 |    24 |    13 ||    57
         Punch             |     1 |       |     1 ||     2
   Cast: Necrotise         |    36 |    28 |    21 ||    85
    Use: Scroll            |       |     4 |       ||     4
   Stab: Sleeping          |     3 |     3 |       ||     6
         Distracted        |       |     1 |     1 ||     2
 Armour: Robe              |    40 |    45 |    39 ||   124
  Dodge: Dodged            |    47 |    59 |    42 ||   148
